 Dungeon Crawl Stone Soup version 0.9.0-15-g1b13fe2 character file.

279 TheVance the Grave Robber (level 4, -2/24 HPs)
             Began as a Kobold Necromancer on Aug 25, 2011.
             Slain by a gnoll
             ... wielding a +0,+2 whip of electrocution
              (6 damage)
             ... on Level 5 of the Dungeon on Aug 27, 2011.
             The game lasted 00:22:47 (3031 turns).

TheVance the Grave Robber (Kobold Necromancer)      Turns: 3031, Time: 00:22:47

HP  -2/24        AC  3     Str  8      XL: 4   Next: 40%
MP   7/7         EV 16     Int 13      God:
Gold 212         SH  0     Dex 15      Spells:  2 memorised,  2 levels left

Res.Fire  : . . .   See Invis. : .   a - +0 dagger
Res.Cold  : . . .   Warding    : . . h - +0 robe
Life Prot.: . . .   Conserve   : .   (no shield)
Res.Acid. : . . .   Res.Corr.  : .   (no helmet)
Res.Poison: .       Clarity    : .   f - +0 cloak
Res.Elec. : .       Spirit.Shd : .   (no gloves)
Sust.Abil.: . .     Stasis     : .   (no boots)
Res.Mut.  : .       Ctrl.Telep.: .   (no amulet)
Res.Rott. : .       Levitation : .   (no ring)
Saprovore : + + .   Ctrl.Flight: .   (no ring)

@: very slightly glowing, slightly resistant to hostile enchantments, stealthy
A: disease resistance, carnivore 3, saprovore 2
a: no special abilities


You were on level 5 of the Dungeon.
You were very full.

You visited 1 branch of the dungeon, and saw 5 of its levels.

You collected 192 gold pieces.

Inventory:

Hand weapons
 a - a +0,+0 dagger (weapon)
 b - a +1,+2 dagger of electrocution
Missiles
 d - 19 poisoned +4 bolts
 e - 20 poisoned +0 needles
 i - 19 +0 darts
 q - 21 steel +0 darts (quivered)
 v - 2 curare-tipped +0 needles
 D - 29 +0 sling bullets
 F - 4 silver +0 javelins
Armour
 f - a +0 cloak (worn)
 h - a +0 robe (worn)
Magical devices
 C - a wand of polymorph other (6)
Comestibles
 c - 2 meat rations
 B - a chunk of orc flesh
Scrolls
 n - a scroll of blinking {unknown}
 p - 3 scrolls of remove curse {unknown}
 s - 3 scrolls of detect curse {unknown}
 t - a scroll of teleportation {unknown}
 w - a scroll of enchant armour {unknown}
 y - a scroll of fog {unknown}
 z - a scroll of random uselessness {unknown}
 A - a scroll of magic mapping {unknown}
 E - a scroll of curse jewellery {unknown}
Jewellery
 k - an uncursed ring of levitation {unknown}
Potions
 g - 3 potions of heal wounds {unknown}
 j - a potion of porridge {unknown}
 l - 2 potions of healing {unknown}
 o - a potion of cure mutation {unknown}
 r - 2 potions of magic {unknown}
 u - a potion of agility {unknown}
 x - a potion of brilliance {unknown}
Books
 m - a book of Necromancy

   Spells                             Type                      Level
   *Pain                              Necromancy                   1
   Animate Skeleton                   Necromancy                   1
   *Lethal Infusion                   Charms/Necromancy            2
   Vampiric Draining                  Necromancy                   3
   Regeneration                       Charms/Necromancy            3
   Dispel Undead                      Necromancy                   4
   Animate Dead                       Necromancy                   4


   Skills:
 + Level 1 Short Blades
 + Level 1 Throwing
 + Level 4 Dodging
 + Level 3 Stealth
 + Level 1 Spellcasting
 + Level 5 Necromancy


You had 2 spell levels left.
You knew the following spells:

 Your Spells              Type           Power        Success   Level  Hunger
a - Pain                  Necr           ###..        Excellent   1    Strawberry
z - Lethal Infusion Chrm/Necr ##........     Very         Good        2    Choko

Dungeon Overview and Level Annotations

Branches:
Dungeon (5/27)
 Temple: D:4-7

Altars:
Makhleb
Xom
Yredelemnul


Innate Abilities, Weirdness & Mutations

You recuperate from illness quickly.
You are small and have problems with some larger weapons.
You are carnivorous and can eat meat at any time.
You can eat rotten meat.


Message History

You see here 4 silver javelins.
E - a scroll labeled EPAEME NIURESI You see here a hand axe.
You see here 4 silver javelins.
F - 4 silver javelins
There is a stone staircase leading up here.
Found an animal skin.
p - 3 scrolls labeled SUANNATSOIL
s - 3 scrolls labeled THUICOTZUJ A gnoll comes into view.
It is wielding a glowing whip. 2 gnolls come into view.
You hit the gnoll.
The gnoll is lightly wounded.
The gnoll hits you with a glowing whip.
You are electrocuted!
Ouch! That really hurt!
* * * LOW HITPOINT WARNING * * *
Your uncursed dagger of electrocution stops crackling.
a - an uncursed dagger (weapon)
The gnoll hits you with a whip of electrocution.
You die...

##.# ##..####
#......# #......#
#......# ##
#......# #.
.###......######.
..............)..
..##....@.######.
. ####g### ## #.#
#.. ##.. ##g #.
g.


You could see a gnoll.

Vanquished Creatures
  A giant mite (D:3)
  A giant gecko (D:3)
  2 orcs
  5 goblins
  7 hobgoblins
  3 jackals (D:1)
  12 bats
  10 giant cockroaches
  A gnoll (D:3)
  6 kobolds
  6 rats
  A small snake (D:1)
55 creatures vanquished.

Vanquished Creatures (others)
  A toadstool (D:3)
1 creature vanquished.

Grand Total: 56 creatures vanquished

Notes
Turn   | Place    | Note
--------------------------------------------------------------
     0 | D:1      | TheVance, the Kobold Necromancer, began the quest for the Orb.
     0 | D:1      | Reached XP level 1. HP: 10/10 MP: 3/3
   357 | D:1      | Reached XP level 2. HP: 10/15 MP: 1/4
   479 | D:1      | Learned a level 2 spell: Lethal Infusion
   793 | D:1      | Reached skill level 1 in Throwing
   881 | D:1      | Reached XP level 3. HP: 16/19 MP: 2/5
  1083 | D:1      | Reached skill level 5 in Necromancy
  1419 | D:2      | Found a basalt altar of Yredelemnul.
  1614 | D:2      | Reached skill level 1 in Short Blades
  1822 | D:2      | Found a shimmering altar of Xom.
  1920 | D:3      | Found a burning altar of Makhleb.
  2374 | D:3      | Reached XP level 4. HP: 18/24 MP: 7/7
  2965 | D:5      | Entered Level 5 of the Dungeon
  3031 | D:5      | Slain by a gnoll
